 Dungeon Crawl Stone Soup version 0.29-a0-96-g93358da72b (webtiles) character file.

Game seed: 5440689961855104025

372 Cecur the Firebug (level 6, -10/42 HPs)
             Began as a Demonspawn Fire Elementalist on Feb 10, 2022.
             Was an Initiate of Yredelemnul.
             Killed from afar by Ijyb (35 damage)
             ... with a bolt of acid
             ... on level 5 of the Dungeon.
             The game lasted 00:08:43 (5748 turns).

Cecur the Firebug (Demonspawn Fire Elementalist)    Turns: 5748, Time: 00:08:43

Health: -10/42     AC:  4    Str:  8    XL:     6   Next: 43%
Magic:  6/11       EV: 12    Int: 18    God:    Yredelemnul [......]
Gold:   97         SH:  0    Dex: 14    Spells: 2/12 levels left

rFire   . . .      SeeInvis .   (no weapon)
rCold   . . .      Faith    .   j - orb {mayhem}
rNeg    . . .      Spirit   .   a - +0 robe
rPois   .          Reflect  .   (no helmet)
rElec   .          Harm     .   (no cloak)
rCorr   .          Rampage  .   (no gloves)
Will    .....                   (no boots)
Stlth   ++........              (no amulet)
HPRegen 0.14/turn               (no ring)
MPRegen 0.12/turn               (no ring)

@: very slightly contaminated
A: hooves 1, demonic guardian 1, sharp scales 2
a: Renounce Religion, Recall Undead Harvest


You were on level 5 of the Dungeon.
You worshipped Yredelemnul.
Yredelemnul was noncommittal.
You visited 1 branch of the dungeon, and saw 5 of its levels.

You collected 97 gold pieces.

Inventory:

Armour
 a - a +0 robe (worn)
 j - an orb of mayhem (worn)
Wands
 i - a wand of mindburst (20)
Scrolls
 b - a scroll of amnesia {unknown}
 c - 3 scrolls of identify {unknown}
 f - a scroll of enchant armour {unknown}
 h - a scroll of immolation {unknown}
 k - a scroll of noise {unknown}
Potions
 d - 4 potions of curing {unknown}
 e - a potion of invisibility {unknown}
 g - 2 potions of resistance {unknown}


   Skills:
 + Level 0.4 Fighting
 + Level 2.0 Dodging
 + Level 2.4 Stealth
 + Level 0.9 Unarmed Combat
 + Level 3.5 Spellcasting
 + Level 3.3 Conjurations
 + Level 4.4 Fire Magic


You had 2 spell levels left.
You knew the following spells:

 Your Spells              Type           Power      Damage    Failure   Level
a - Foxfire               Conj/Fire      68%        2x1d7     3%          1
b - Scorch                Fire           38%        2d6       3%          2
c - Conjure Flame         Conj/Fire      17%        6-21      10%         3
d - Flame Wave            Conj/Fire      17%        2d6       30%         4

Your spell library contained the following spells:

 Spells                   Type           Power      Damage    Failure   Level
 Inner Flame              Hex/Fire       11%        N/A       19%         3
 Tukima's Dance           Hex            3%         N/A       43%         3
 Animate Armour           Summ/Erth      6%         N/A       83%         4
 Passage of Golubria      Tloc           3%         N/A       83%         4
 Blade Hands              Tmut           1%         N/A       99%         5
 Yara's Violent Unravell  Hex/Tmut       1%         3d3       99%         5
 Iron Shot                Conj/Erth      4%         9d2       100%        6


Dungeon Overview and Level Annotations

Branches:
Dungeon (5/15)             Temple (0/1) D:4

Altars:
Yredelemnul

Annotations:
D:4 1 runed translucent door, dracfodder's ghost, amateur GrBe
D:5 Grinder; Ijyb


Innate Abilities, Weirdness & Mutations

You have large cloven feet.
A weak demonic guardian rushes to your aid.
You are mostly covered in razor-sharp scales. (AC +2, Slay +2)


Message History

You swap places.
You swap places.
You swap places.
There is an escape hatch in the floor here.
You swap places.
There is an escape hatch in the floor here.
There is an escape hatch in the floor here.
You slide downwards.
The hatch slams shut behind you.
Your mindless puppets stay behind to rot.
Ijyb the Twisted Goblin comes into view.
She is wielding a +0 dagger and carrying a wand of acid (13).
Ijyb shouts!
You conjure some foxfire!
You miscast Foxfire.
You are very lightly contaminated with residual magic.
Nothing appears to happen.
The foxfire hits Ijyb but does no damage. x2
Ijyb zaps a wand.
The bolt of acid hits you!
A demonic guardian appears!
You conjure some foxfire!
An ogre comes into view. It is wielding a +0 giant spiked club.
You conjure some foxfire!
The ogre shouts!
Your quasit bites Ijyb but does no damage.
Your quasit claws Ijyb but does no damage.
Your quasit claws Ijyb.
Ijyb hits you with a +0 dagger.
Grinder comes into view.
Your foxfire dissipates!
The foxfire hits Ijyb.
Ijyb is moderately wounded.
The foxfire hits Ijyb.
Ijyb is moderately wounded.
Your quasit bites Ijyb but does no damage.
Your quasit closely misses Ijyb.
Your quasit claws Ijyb.
Your quasit bites Ijyb but does no damage.
Your quasit closely misses Ijyb. x2
You conjure some foxfire!
Your quasit closely misses Ijyb.
Your quasit claws Ijyb but does no damage.
Your quasit closely misses Ijyb.
Ijyb zaps a wand.
The bolt of acid hits you!!
Ouch! That really hurt!
You die...
Your body rises from the dead as a mindless zombie.

#.......#
###..####
#.## #.# #.#
#.# #.#
####v####.#5.
#..v@g...O...
#.##§5#......
# #.§# ....#
#... .#.#
##.#. # #
..... #.. ..
#.##...


You could see Grinder, an ogre, Ijyb (ally target) and a friendly quasit
(summoned).

Vanquished Creatures
  A kobold brigand (D:4)
  A hound (D:4)
  3 iguanas
  4 adders
  2 adder skeletons (D:4)
  2 worms (D:2)
  2 dart slugs
  8 orcs
  4 endoplasms
  6 giant cockroaches
  3 goblins
  7 hobgoblins
  4 quokkas
  4 ball pythons
  5 bats
  3 frilled lizards
  A giant cockroach zombie (D:4)
  7 kobolds
  5 rats
72 creatures vanquished.

Vanquished Creatures (collateral kills)
  An iguana (D:4)
  A hound skeleton (D:4)
  A hound zombie (D:4)
  2 adders (D:4)
  A dart slug (D:4)
  3 orcs (D:4)
  A rat (D:2)
10 creatures vanquished.

Vanquished Creatures (others)
  3 adder zombies (D:2)
  4 bat zombies
  A giant cockroach zombie (D:4)
  A hobgoblin zombie (D:2)
  3 kobold zombies (D:2)
  4 orc zombies (D:4)
  A quokka zombie (D:4)
  2 rat zombies (D:2)
  2 spectral endoplasms (D:2)
  395 foxfires
  2 withered plants (D:4)
418 creatures vanquished.

Grand Total: 500 creatures vanquished

Notes
Turn   | Place    | Note
-------+----------+-------------------------------------------
     0 | D:1      | Cecur the Demonspawn Fire Elementalist began the quest for
                  | the Orb.
     0 | D:1      | Reached XP level 1. HP: 13/13 MP: 3/3
   432 | D:1      | Reached skill level 3 in Fire Magic
   541 | D:1      | Gained mutation: A weak demonic guardian rushes to your
                  | aid. [demonic ancestry]
   541 | D:1      | Reached XP level 2. HP: 19/19 MP: 0/5
  1526 | D:1      | Found a faded altar of an unknown god.
  1540 | D:1      | Prayed at the altar of an unknown god.
  1540 | D:1      | Became a worshipper of Yredelemnul the Dark
  1540 | D:1      | Reached * piety under Yredelemnul
  1547 | D:1      | Found a faded altar of an unknown god.
  1788 | D:2      | Gained mutation: You have large cloven feet. [demonic
                  | ancestry]
  1788 | D:2      | Reached XP level 3. HP: 24/24 MP: 4/6
  2529 | D:2      | Reached ** piety under Yredelemnul
  2529 | D:2      | Reached XP level 4. HP: 26/30 MP: 4/7
  4226 | D:4      | Gained mutation: You are partially covered in razor-sharp
                  | scales. (AC +1, Slay +1) [demonic ancestry]
  4226 | D:4      | Reached XP level 5. HP: 35/35 MP: 1/9
  4662 | D:4      | Reached skill level 4 in Fire Magic
  4665 | D:4      | Learned a level 2 spell: Scorch
  4669 | D:4      | Learned a level 3 spell: Conjure Flame
  4674 | D:4      | Learned a level 4 spell: Flame Wave
  4957 | D:4      | Noticed dracfodder's ghost (amateur GrBe)
  5004 | D:4      | Found a runed translucent door.
  5347 | D:4      | Gained mutation: You are mostly covered in razor-sharp
                  | scales. (AC +2, Slay +2) [demonic ancestry]
  5347 | D:4      | Reached XP level 6. HP: 42/42 MP: 3/10
  5443 | D:4      | Found a staircase to the Ecumenical Temple.
  5715 | D:5      | Entered Level 5 of the Dungeon
  5741 | D:5      | Noticed Ijyb
  5746 | D:5      | Noticed Grinder
  5748 | D:5      | Killed from afar by Ijyb

Illustrated notes

Levels and vault maps discovered:
D:1:      lemuel_arrival_cross, layout_basic,
          hellmonk_ecumenical_altar_the_god_not_taken
D:2:      layout_loops_ring
D:3:      layout_basic, serial_corexii_hall, chequers_hall_statues_y,
          corexii_hall_statues_l, corexii_hall_statues_u, corexii_hall_statues_i
D:4:      layout_rooms, minmay_temple_entry_hall, portal_sewer_entry_f,
          gammafunk_ghost_grave
D:5:      layout_loops_cross, uniq_crazy_yiuf_cottage, uniq_ijyb, uniq_grinder,
          uniq_duvessa

Skill      XL: |  1  2  3  4  5 |
---------------+----------------+-----
Fire Magic     | 3 4 |  4.4
Conjurations   | 2 3 |  3.3
Stealth        | 2 |  2.4
Dodging        | 2 |  2.0
Spellcasting   | 3 |  3.5
Fighting       | |  0.4
Unarmed Combat | |  0.9

Action                   |  1- 3 |  4- 6 || total
-------------------------+-------+-------++-------
Melee: Unarmed           |    33 |     7 ||    40
       Kick              |       |     1 ||     1
 Cast: Foxfire           |    99 |   138 ||   237
Armor: Robe              |     9 |     3 ||    12
Dodge: Dodged            |    38 |    15 ||    53

Table legend: (Time is in decaauts)
 A = Elapsed time spent in this place.
 B = Non-inter-level travel time spent in this place.
 C = Inter-level travel time spent in this place.
 D = Time resting spent in this place.
 E = Time spent auto-exploring this place.
 F = Levels seen in this place.
 G = Mean time per level.
                   A        B        C        D        E       F      G
               +--------+--------+--------+--------+--------+-----+--------+
         Total |   5752 |   5752 |      0 |      0 |   4949 |   5 | 1150.4 |
       Dungeon |   5752 |   5752 |      0 |      0 |   4949 |   5 | 1150.4 |
               +--------+--------+--------+--------+--------+-----+--------+

Top non-repeatable levels by time:
     D:4: 1647 daAuts
     D:1: 1614 daAuts
     D:2: 1362 daAuts
     D:3: 1094 daAuts
     D:5: 32 daAuts
